 Dungeon Sprint DCSS version 0.25.1-8-g42b30a86e7 (webtiles) character file.

Game seed: 2586530751856382022

14 jbtxwes the Stinger (level 2, -4/19 HPs)
             Began as a Merfolk Venom Mage on Dec 11, 2020.
             Was an Initiate of Vehumet.
             Slain by an ice beast (14 damage)
             ... in the Dungeon (Sprint V: "Ziggurat Sprint").
             The game lasted 00:05:23 (440 turns).

jbtxwes the Stinger (Merfolk Venom Mage)             Turns: 440, Time: 00:05:24

Health: -4/19      AC:  2    Str:  8    XL:     2   Next: 41%
Magic:  12/12      EV: 13    Int: 32    God:    Vehumet [......]
Gold:   0          SH:  0    Dex: 14    Spells: 4/7 levels left

rFire    . . .     SeeInvis .   G - +6 Majin-Bo {vamp, Archmagi MP+6 Int+6}
rCold    . . .     Gourm    .   (shield currently unavailable)
rNeg     . . .     Faith    .   a - +0 robe
rPois    .         Spirit   .   (no helmet)
rElec    .         Reflect  .   (no cloak)
rCorr    .         Harm     .   (no gloves)
MR       .....     NoTele   +   (no boots)
Stlth    ++........             (no amulet)
HPRegen  0.06/turn              x - +6 ring of intelligence
MPRegen  0.13/turn              y - +6 ring of intelligence

@: no status effects
A: change form in water, swift swim, stealthy swim
a: Renounce Religion


You were in the Dungeon.
You worshipped Vehumet.
Vehumet was noncommittal.
You were not hungry.

You visited 1 branch

Inventory:

Hand Weapons
 G - the +6 Majin-Bo (weapon) {vamp, Archmagi MP+6 Int+6}
   (You found it in the Dungeon)

   It inflicts no extra harm, but heals its wielder when it wounds a living foe.
   It affects your intelligence (+6).
   It affects your magic capacity (+6).
Armour
 a - a +0 robe (worn)
Magical Staves
 E - an uncursed staff of energy
Jewellery
 u - an uncursed ring of flight
 x - a +6 ring of intelligence (left hand)
 y - a +6 ring of intelligence (right hand)
Wands
 B - a wand of disintegration (7)
 C - a wand of iceblast (7)
 D - a wand of acid (7)
Scrolls
 i - 4 scrolls of blinking
 o - 4 scrolls of amnesia
 p - 7 scrolls of fog
 q - a scroll of holy word
 r - 5 scrolls of identify
 s - 5 scrolls of remove curse
 t - 2 scrolls of fear
Potions
 b - 2 potions of brilliance
 d - 10 potions of curing
 e - 10 potions of heal wounds
 f - 6 potions of haste
 g - 7 potions of magic
 h - 3 potions of berserk rage
 j - 2 potions of invisibility
 k - 4 potions of resistance
 m - 5 potions of stabbing
 n - 5 potions of might
Miscellaneous
 F - a lightning rod (4/4)
Comestibles
 c - 7 rations


   Skills:
 + Level 2.2 Throwing
 + Level 1.6 Armour
 - Level 2.6 Dodging
 - Level 2.1 Stealth
 + Level 3.1 Spellcasting
   Level 1.7 Conjurations
 + Level 3.5 Transmutations
 + Level 5.5 Poison Magic
 + Level 2.3 Evocations


You had 4 spell levels left.
You knew the following spells:

 Your Spells              Type           Power        Failure   Level  Hunger
a - Sting                 Tmut/Pois      ####         1%          1    None
b - Poisonous Vapours     Pois/Air       ####..       3%          2    None

Your spell library contained the following spells:

 Spells                   Type           Power        Failure   Level  Hunger
 Ignite Poison            Fire/Tmut/Pois #####...     5%          3    ##.....
 Olgreb's Toxic Radiance  Pois           ######..     6%          4    ####...
 Mephitic Cloud           Conj/Pois/Air  ####....     7%          3    ##.....


Dungeon Overview and Level Annotations

Branches:
Dungeon (1/1)

Altars:
Ashenzari
Cheibriados
Dithmenos
Elyvilon
Fedhas
Gozag
Hepliaklqana
Kikubaaqudgha
Makhleb
Nemelex Xobeh
Okawaru
Qazlal
Ru
Sif Muna
Trog
Uskayaw
Vehumet
Wu Jian
Xom
Yredelemnul
Zin
The Shining One
Beogh
Jiyva
Lugonu

Annotations:
D 1 transporter


Message History

Found a +1 great sword of holy wrath, a book of Frost and a +4 arbalest.
Found a transporter.
Casting: Poisonous Vapours (safe; 3% risk of failure)
Confirm with . or Enter, or press ? or * to list all spells.
You don't know that spell.
The white imp gestures at you. The puff of frost hits you!
Casting: Poisonous Vapours (safe; 3% risk of failure)
Confirm with . or Enter, or press ? or * to list all spells.
Aiming: Poisonous Vapours (safe; 3% risk of failure)
Press: ? - help, Dir - move target cursor, f - ice beast
Aim: an ice beast You feel a surge of power!
But poisonous vapours would do no harm to the ice beast!
The ice beast misses you. The white imp misses you.
You thump the ice beast!
You feel better.
The ice beast is moderately wounded.
The ice beast hits you. The ice beast freezes you!
Ouch! That really hurt!
You die...

▓▓▓▓▓▓▓▓▓▓▓▓▓
▓.8©8.▓.8©8.▓
▓.)):.▓.....▓
▓.....▓.).[.▓
▓.5Y5.▓.....▓
▓..@..▓.....▓
▓.....▓..©..▓
▓..©..▓▓▓▓▓▓▓
▓▓▓▓▓▓▓


You could see an ice beast and 2 white imps.

Vanquished Creatures
  2 adder skeletons (D)
2 creatures vanquished.

Notes
Turn   | Place    | Note
-------+----------+-------------------------------------------
     0 | D        | jbtxwes the Merfolk Venom Mage began the quest for the Orb.
     0 | D        | Reached XP level 1. HP: 13/13 MP: 3/3
     0 | D        | Found a shimmering blue altar of Sif Muna.
     0 | D        | Found a sacrificial altar of Ru.
     0 | D        | Found a bloodstained altar of Trog.
     0 | D        | Found a stormy altar of Qazlal.
     0 | D        | Found an iron altar of Okawaru.
     0 | D        | Found a sparkling altar of Nemelex Xobeh.
     0 | D        | Found a blossoming altar of Fedhas.
     1 | D        | Found the +6 Majin-Bo {vamp, Archmagi MP+6 Int+6}
     1 | D        | Found the +7 great mace "Firestarter" {inner flame, rF++}
     2 | D        | Found a transporter.
     2 | D        | Found an ancient bone altar of Kikubaaqudgha.
     2 | D        | Found a viscous altar of Jiyva.
     2 | D        | Found a corrupted altar of Lugonu.
     2 | D        | Found a hazy altar of Hepliaklqana.
     2 | D        | Found a burning altar of Makhleb.
     2 | D        | Found an opulent altar of Gozag.
    24 | D        | Found the +9 heavy crossbow "Sniper" {vorpal, Acc+∞ SInv}
    24 | D        | Found the +10 dark maul {vorpal}
    24 | D        | Found the +15 Maxwell's patent armour {-Cast -Tele rElec
                  | MR+ rCorr}
    24 | D        | Found the +18 shield of the Gong {rElec rN+ MR+ EV-5}
    24 | D        | Found the cursed +14 obsidian axe {vorpal, +Fly SInv
                  | *Curse}
    26 | D        | Found the +6 shillelagh "Devastator" {shatter}
    26 | D        | Found the +11 plutonium sword {*Contam Stlth-}
    26 | D        | Found the +8 lance "Wyrmbane" {slay drac, rPois rF+ rC+
                  | AC+3}
    26 | D        | Found the +9 sword of Zonguldrok {reap}
    26 | D        | Found the cursed +13 scythe of Curses {drain, *Curse}
    26 | D        | Found the +0 sword of Power
    26 | D        | Found the +7 mace of Variability {chain chaos}
    26 | D        | Found the +7 Singing Sword {vorpal, sonic wave}
    26 | D        | Found the +8 storm bow {elec, penet}
    95 | D        | Became a worshipper of Vehumet
   270 | D        | Reached skill level 1 in Armour
   270 | D        | Reached skill level 1 in Conjurations
   270 | D        | Reached skill level 5 in Poison Magic
   270 | D        | Reached XP level 2. HP: 19/19 MP: 6/6
   274 | D        | Learned a level 2 spell: Poisonous Vapours
   288 | D        | Entered arena 2.
   288 | D        | Found a transporter.
   437 | D        | Entered arena 3.
   437 | D        | Noticed an ice beast
   437 | D        | Found a transporter.
   440 | D        | Slain by an ice beast

Illustrated notes

Levels and vault maps discovered:
D:        sprint_v [room_start, room_1, room_2, room_3, room_4, room_5, room_6,
          room_7, room_8, room_9, room_10, room_11, room_12, room_13, room_14,
          room_15, room_16, room_17, room_18, room_19, room_20, room_21,
          room_22, room_23, room_24, room_25, room_26, room_27]

Skill      XL: |  1 |
---------------+----+-----
Throwing       | 2 |  2.2
Armour         | 1 |  1.6
Spellcasting   | 3 |  3.1
Conjurations   | 1 |  1.7
Transmutations | 3 |  3.5
Poison Magic   | 5 |  5.5
Evocations     | 2 |  2.3
Dodging        | |  2.6
Stealth        | |  2.1

Action                   || total
-------------------------++-------
Melee: Quarterstaff      ||     7
  Use: Potion            ||     1
 Stab: Sleeping          ||     1
Armor: Robe              ||     1
Dodge: Dodged            ||     6
